 Dungeon Crawl Stone Soup version 0.21-a0-55-gb612c23 (webtiles) character file.

410 Kidiri the Bolt Thrower (level 7, -1/61 HPs)
             Began as a Kobold Hunter on June 14, 2017.
             Slain by a phantom (4 damage)
             ... on level 4 of the Dungeon.
             The game lasted 00:13:49 (3538 turns).

Kidiri the Bolt Thrower (Kobold Hunter)             Turns: 3538, Time: 00:13:50

Health: -1/61      AC: 23    Str:  9    XL:     7   Next: 13%
Magic:  9/9        EV:  3    Int: 13    God:
Gold:   118        SH:  0    Dex: 17    Spells: 9/9 levels left

rFire    . . .     SeeInvis .   b - +0 short sword
rCold    . . .     Gourm    .   (shield restricted)
rNeg     + + +     Faith    +   (armour currently unavailable)
rPois    +         Spirit   .   (helmet currently unavailable)
rElec    .         Reflect  .   (cloak currently unavailable)
rCorr    .         Harm     .   (gloves currently unavailable)
MR       .....     NoTele   +   (boots currently unavailable)
Stlth    +++.......             m - amulet of faith
HPRegen  0.20/turn              (no ring)
MPRegen  0.11/turn              (no ring)

@: tree-form
A: carnivore 3
a: no special abilities


You were on level 4 of the Dungeon.
You were very full.
You were a tree.
You visited 1 branch of the dungeon, and saw 4 of its levels.

You collected 118 gold pieces.

Inventory:

Hand Weapons
 a - a +1 hand crossbow
 b - a +0 short sword (weapon)
 e - a +2 dagger of venom
Armour
 c - a +0 leather armour (melded)
 i - a +0 cloak (melded)
 l - a +0 helmet (melded)
 p - a +1 pair of boots (melded)
Jewellery
 m - an amulet of faith (around neck)
Comestibles
 f - a meat ration
 k - a royal jelly


   Skills:
 + Level 3.4 Fighting
 + Level 2.5 Short Blades
 * Level 5.9 Crossbows
 + Level 1.7 Armour
 * Level 4.1 Dodging
 * Level 4.5 Stealth
 + Level 1.5 Spellcasting


You had 9 spell levels left.
You didn't know any spells.

Dungeon Overview and Level Annotations

Branches:
Dungeon (4/15)
 Temple: D:4-7

Altars:
Trog


Innate Abilities, Weirdness & Mutations

You are small and have problems with some larger weapons.
You are carnivorous and can eat meat at any time.


Message History

Your +1 pair of boots melds into your body.
Your +0 leather armour melds into your body.
Your roots penetrate the ground.
The phantom hits you but does no damage.
You closely miss the phantom.
The phantom is severely damaged.
The phantom blinks!
You closely miss the phantom.
The phantom is severely damaged.
The phantom barely misses you.
You barely miss the phantom.
The phantom is severely damaged.
The phantom blinks!
You closely miss the phantom.
The phantom is severely damaged.
The phantom hits you but does no damage.
You closely miss the phantom.
The phantom is severely damaged.
The phantom hits you.
You die...

...<.......########.# #...#
#.#.................######.#.##
#.#.##........................#
#.#.##....################.####
#............((((#<# #.#
#...############.#.# #####.#
#W..# #.#.# #.....# #...# #W#.#
#.###.# ....# #♣#.# #.# #.#
...## ##.#.###.# #.# ...
+..#.....# #.# .#. ##########
###


You could see a phantom.

Vanquished Creatures
  Edmund (D:4)
  An orc priest (D:3)
  Terence (D:2)
  Natasha (twice) (D:3)
  Robin (D:2)
  8 adders
  2 oozes
  A worm (D:3)
  4 dart slugs
  2 leopard geckos
  4 orcs (D:3)
  A ball python (D:1)
  4 bats (D:1)
  4 giant cockroaches
  13 goblins
  9 hobgoblins
  6 jackals (D:2)
  8 kobolds
  A quokka (D:1)
  3 frilled lizards
  11 rats
87 creatures vanquished.

Notes
Turn   | Place    | Note
-------+----------+-------------------------------------------
     0 | D:1      | Kidiri the Kobold Hunter began the quest for the Orb.
     0 | D:1      | Reached XP level 1. HP: 12/12 MP: 1/1
   179 | D:1      | Reached skill level 1 in Short Blades
   182 | D:1      | Reached XP level 2. HP: 17/17 MP: 2/2
   585 | D:1      | Reached XP level 3. HP: 22/22 MP: 3/3
   598 | D:1      | Reached skill level 1 in Armour
  1053 | D:1      | Reached skill level 5 in Crossbows
  1219 | D:2      | Noticed Terence
  1247 | D:2      | Killed Terence
  1247 | D:2      | Reached XP level 4. HP: 14/27 MP: 4/4
  1454 | D:2      | Noticed Robin
  1723 | D:2      | Killed Robin
  1723 | D:2      | Reached XP level 5. HP: 31/31 MP: 5/5
  1858 | D:2      | Found a bloodstained altar of Trog.
  2458 | D:3      | Noticed Natasha
  2461 | D:3      | Killed Natasha
  2727 | D:3      | Noticed Natasha
  2749 | D:3      | Killed Natasha
  2749 | D:3      | Reached XP level 6. HP: 30/37 MP: 6/6
  2875 | D:3      | Reached skill level 1 in Spellcasting
  3246 | D:4      | Noticed a phantom
  3462 | D:4      | Noticed Edmund
  3515 | D:4      | Killed Edmund
  3515 | D:4      | Reached XP level 7. HP: 14/41 MP: 7/9
  3529 | D:4      | HP: 1/41 [phantom (4)]
  3538 | D:4      | Slain by a phantom

Vault maps used:
D:1:      lemuel_arrival_hallway
D:2:      bloody_trog, first_bread, uniq_robin, uniq_terence
D:3:      grunt_ministairs_15, uniq_natasha
D:4:      corexii_shack_village, kennysheep_slug_shrine, kennysheep_little_box,
          kennysheep_generic_room_8, uniq_eustachio, uniq_edmund, uniq_pikel,
          uniq_crazy_yiuf_cottage

Skill      XL: |  1  2  3  4  5  6 |
---------------+-------------------+-----
Short Blades   | 1 2 |  2.5
Stealth        | 2 3 4 |  4.5
Armour         | 1 |  1.7
Crossbows      | 5 |  5.9
Dodging        | 3 4 |  4.1
Fighting       | 3 |  3.4
Spellcasting   | 1 |  1.5

Action                   |  1- 3 |  4- 6 |  7- 9 || total
-------------------------+-------+-------+-------++-------
Melee: Short sword       |    24 |    31 |    10 ||    65
       Dagger            |       |    94 |       ||    94
 Fire: Hand crossbow     |    77 |    51 |     4 ||   132
  Use: Scroll            |     6 |     3 |       ||     9
       Potion            |     1 |     2 |     2 ||     5
 Stab: Sleeping          |     1 |     2 |       ||     3
       Distracted        |       |     2 |       ||     2
  Eat: Chunk             |     9 |     7 |       ||    16
Armor: Leather armour    |    13 |    27 |     3 ||    43
       Skin              |       |       |     2 ||     2
Dodge: Dodged            |    45 |    95 |     5 ||   145
